 Dungeon Crawl Stone Soup version 0.21-a0-85-ga0cb861 (webtiles) character file.

5536 grindst0ne the Fighter (level 11, 0/142 HPs)
             Began as a Formicid Fighter on June 25, 2017.
             Was a High Priest of Okawaru.
             Slain by an orc warrior
             ... wielding a +0 halberd
              (3 damage)
             ... on level 9 of the Dungeon.
             The game lasted 00:15:02 (8708 turns).

grindst0ne the Fighter (Formicid Fighter)           Turns: 8708, Time: 00:15:02

Health: 0/142      AC: 25    Str: 21    XL:     11   Next: 1%
Magic:  14/15      EV:  2    Int: 10    God:    Okawaru [*****.]
Gold:   492        SH: 11    Dex: 13    Spells: 10/10 levels left

rFire    . . .     SeeInvis .   x - +1 battleaxe
rCold    . . .     Gourm    .   c - +0 shield
rNeg     + + +     Faith    +   (armour currently unavailable)
rPois    +         Spirit   .   (helmet unavailable)
rElec    .         Reflect  .   (cloak currently unavailable)
rCorr    .         Harm     .   (gloves currently unavailable)
MR       +....     Clarity  +   (boots currently unavailable)
Stlth    +.........             E - amulet of faith
HPRegen  0.33/turn              (no ring)
MPRegen  0.14/turn              (no ring)

@: tree-form, starving
A: permanent stasis, dig shafts and tunnels, four strong arms, clarity, clever
1, robust 1
a: Heroism, Finesse, Renounce Religion


You were on level 9 of the Dungeon.
You worshipped Okawaru.
Okawaru was extremely pleased with you.
You were starving.
You were a tree.
You visited 2 branches of the dungeon, and saw 10 of its levels.

You collected 492 gold pieces.

Inventory:

Hand Weapons
 x - a +1 battleaxe (weapon)
Armour
 c - a +0 shield (worn)
 g - the +2 chain mail of Uklemeaxo (melded) {Str+4}
   (Okawaru gifted it to you on level 8 of the Dungeon)

   It affects your strength (+4).
 q - a +1 pair of boots (melded)
 z - a scarf of repulsion (melded)
 G - the +1 ring mail of Osequv {rF+ MR+ Stlth+}
   (You found it on level 5 of the Dungeon)

   It protects you from fire.
   It affects your resistance to hostile enchantments.
   It makes you more stealthy.
 H - a +0 plate armour
Jewellery
 E - an amulet of faith (around neck)
 K - an uncursed amulet of guardian spirit {unknown}
 L - an uncursed ring of flight {unknown}
Wands
 A - a wand of iceblast (10/15)
 O - a wand of lightning (9/15)
Scrolls
 u - a scroll of enchant weapon
 y - a scroll of magic mapping
 B - 2 scrolls of remove curse
 F - a scroll of enchant armour
Potions
 o - 3 potions of flight
Books
 b - a book of Callings

   Spells                             Type                      Level
   a - Summon Small Mammal            Summoning                    1
   b - Call Imp                       Summoning                    2
   c - Call Canine Familiar           Summoning                    3
   d - Summon Guardian Golem          Hexes/Summoning              3
   e - Summon Lightning Spire         Summoning/Air                4
   f - Summon Ice Beast               Ice/Summoning                4
 J - a book of Misfortune

   Spells                             Type                      Level
   a - Confusing Touch                Hexes                        1
   b - Confuse                        Hexes                        3
   c - Gell's Gravitas                Translocation                3
   d - Petrify                        Transmutation/Earth          4
   e - Metabolic Englaciation         Hexes/Ice                    5
   f - Yara's Violent Unravelling     Hexes/Transmutation          5
Comestibles
 f - 5 bread rations
 k - 3 meat rations
 m - 6 royal jellies
 r - 6 fruits


   Skills:
 + Level 8.6 Fighting
 + Level 7.4 Axes
 + Level 8.6 Armour
 - Level 8.3 Shields
 * Level 5.8 Invocations
 * Level 5.5 Evocations


You had 10 spell levels left.
You didn't know any spells.

Dungeon Overview and Level Annotations

Branches:
Dungeon (9/15)             Temple (1/1) D:4            Lair (0/6) D:8
    Orc: D:9-12

Altars:
Ashenzari
Cheibriados
Dithmenos
Elyvilon
Fedhas
Gozag
Hepliaklqana
Kikubaaqudgha
Makhleb
Nemelex Xobeh
Okawaru
Qazlal
Ru
Sif Muna
Trog
Uskayaw
Vehumet
Wu Jian
Xom
Yredelemnul
Zin
The Shining One

Shops:
D:6 [


Innate Abilities, Weirdness & Mutations

You cannot be hasted, slowed, berserked, paralysed or teleported.
You can dig through walls and to a lower floor.
Your four strong arms can wield two-handed weapons with a shield.
((You have a pair of large antennae on your head. (SInv)))
You possess an exceptional clarity of mind.
Your mind is acute. (Int +2)
You are robust. (+10% HP)


Message History

The orc hits you but does no damage.
You slash the two-headed ogre!
The two-headed ogre is almost dead.
You hit the orc.
The two-headed ogre hits you but does no damage.
The two-headed ogre hits you with a giant club!
* * * LOW HITPOINT WARNING * * *
The orc hits you but does no damage.
The orc wizard looks satisfied for a moment.
You block the orc warrior's attack.
The two-headed ogre hits you but does no damage.
The two-headed ogre hits you with a giant club.
* * * LOW HITPOINT WARNING * * *
You slash the two-headed ogre!
You kill the two-headed ogre!
Okawaru is honoured by your kill.
You have reached level 11!
You barely miss the orc. The orc hits you but does no damage.
The orc warrior hits you from afar with a halberd.
You die...

####.. ..#.# # #.#.#
###.####.#.### # ##
.............## #. #.
.......#.#.#..###..#.####
{###...................
#...#..†#.##.#######.#####.##
#. #...+....)♣ooo...........
#...#####.######.#####.##
#....# #.....{..<<# .....$#
...#####.#.# ≈.$....#
....#####.#.# { ###....#
#..........#.# ####.#######.#
.. .. { .#


You could see an orc warrior, an orc wizard and an orc.

Vanquished Creatures
  2 two-headed ogres
  A spriggan (D:8)
  Eustachio (D:6)
  2 basilisks
  Grum (D:8)
  A hungry ghost (D:8)
  3 porcupines
  A necrophage (D:6)
  A sky beast (D:8)
  2 ice beasts
  3 black bears (D:8)
  An orc warrior (D:7)
  A phantom (D:8)
  5 wolves (D:8)
  An ogre (D:8)
  2 centaurs (D:8)
  3 crocodiles (D:8)
  A big kobold (D:8)
  3 bullfrogs
  2 scorpions
  5 wights (D:8)
  An electric eel (D:8)
  4 crimson imps
  A quasit (D:6)
  A bullfrog skeleton (D:5)
  3 hounds
  2 orc priests (D:8)
  2 jellies
  4 worker ants
  2 iguanas
  3 orc wizards
  2 hound zombies
  Robin (D:3)
  5 adders
  A shadow imp (D:5)
  An adder skeleton (D:5)
  4 worms
  3 dart slugs
  5 leopard geckos
  17 orcs
  11 giant cockroaches
  15 goblins
  14 hobgoblins
  4 kobolds
  2 quokkas
  2 ball pythons
  6 bats
  3 frilled lizards
  A jackal skeleton (D:6)
  A leopard gecko zombie (D:7)
  A quokka skeleton (D:6)
  7 rats (D:1)
171 creatures vanquished.

Vanquished Creatures (others)
  A fungus (D:8)
1 creature vanquished.

Grand Total: 172 creatures vanquished

Notes
Turn   | Place    | Note
-------+----------+-------------------------------------------
     0 | D:1      | grindst0ne the Formicid Fighter began the quest for the Orb.
     0 | D:1      | Reached XP level 1. HP: 18/18 MP: 1/1
    73 | D:1      | Reached XP level 2. HP: 24/24 MP: 2/2
   236 | D:1      | Reached XP level 3. HP: 23/29 MP: 3/3
   713 | D:2      | Found an ancient bone altar of Kikubaaqudgha.
   713 | D:2      | Found a blossoming altar of Fedhas.
   916 | D:2      | Reached XP level 4. HP: 31/37 MP: 4/4
  1341 | D:3      | Noticed Robin
  1502 | D:3      | Killed Robin
  1512 | D:3      | Reached XP level 5. HP: 25/42 MP: 5/5
  2206 | D:4      | Found a snail-covered altar of Cheibriados.
  2259 | D:4      | Reached XP level 6. HP: 43/49 MP: 6/6
  2316 | D:4      | Found a glowing silver altar of Zin.
  2391 | D:4      | Found a staircase to the Ecumenical Temple.
  2405 | Temple   | Entered the Ecumenical Temple
  2605 | Temple   | Became a worshipper of Warmaster Okawaru
  3397 | D:5      | Entered Level 5 of the Dungeon
  3441 | D:5      | Reached skill level 5 in Shields
  3730 | D:5      | Reached skill level 5 in Armour
  3885 | D:5      | Reached XP level 7. HP: 49/55 MP: 7/7
  4043 | D:5      | Reached skill level 5 in Fighting
  4056 | D:5      | Got a translucent ring mail
  4067 | D:5      | Identified the +1 ring mail of Osequv {rF+ MR+ Stlth+} (You found it on level 5 of the Dungeon)
  4258 | D:6      | Found Duachad's Armour Shop.
  4284 | D:6      | Reached * piety under Okawaru
  4434 | D:6      | Found a sacrificial altar of Ru.
  4463 | D:6      | Noticed Eustachio
  4490 | D:6      | Killed Eustachio
  4490 | D:6      | Reached ** piety under Okawaru
  4490 | D:6      | Reached XP level 8. HP: 61/64 MP: 8/8
  4886 | D:6      | Reached skill level 5 in Axes
  5417 | D:7      | Found a shimmering altar of Xom.
  5418 | D:7      | Found a shattered altar of Ashenzari.
  5423 | D:7      | Found an ornate altar of the Wu Jian Council.
  5423 | D:7      | Found a burning altar of Makhleb.
  5425 | D:7      | Found a hide-covered altar of Uskayaw.
  5425 | D:7      | Found a hazy altar of Hepliaklqana.
  5426 | D:7      | Found a sparkling altar of Nemelex Xobeh.
  6009 | D:7      | Reached XP level 9. HP: 52/71 MP: 9/9
  6113 | D:8      | Reached *** piety under Okawaru
  6145 | D:8      | Noticed a two-headed ogre
  6154 | D:8      | Killed a two-headed ogre
  6154 | D:8      | Reached **** piety under Okawaru
  6514 | D:7      | Reached skill level 1 in Invocations
  6683 | D:8      | Reached ***** piety under Okawaru
  6683 | D:8      | Reached skill level 1 in Evocations
  6700 | D:8      | Reached XP level 10. HP: 58/80 MP: 11/11
  7694 | D:8      | Found a deep blue altar of Sif Muna.
  7803 | D:8      | Found a staircase to the Lair.
  7903 | D:8      | Noticed Grum
  7917 | D:8      | Killed Grum
  7917 | D:8      | Received a gift from Okawaru
  7933 | D:8      | Reached skill level 5 in Invocations
  7946 | D:8      | Got a spiked chain mail {god gift}
  8284 | D:8      | Identified the +2 chain mail of Uklemeaxo {Str+4} (Okawaru gifted it to you on level 8 of the Dungeon)
  8675 | D:9      | Noticed a two-headed ogre
  8684 | D:9      | Reached skill level 5 in Evocations
  8702 | D:9      | Gained mutation: You are robust. (+10% HP) [potion of mutation]
  8702 | D:9      | Gained mutation: You possess an exceptional clarity of mind. [potion of mutation]
  8702 | D:9      | Gained mutation: Your mind is acute. (Int +2) [potion of mutation]
  8707 | D:9      | HP: 2/135 [two-headed ogre/dire flail of protection (5)]
  8708 | D:9      | Killed a two-headed ogre
  8708 | D:9      | Reached XP level 11. HP: 2/95 MP: 13/15
  8708 | D:9      | Slain by an orc warrior

Vault maps used:
D:1:      minmay_arrival_shattered_statue
D:2:      grunt_temple_overflow_growth_and_decay, grunt_decor_one_mirror
D:3:      eino_tiny_chamber, uniq_robin
D:4:      zin_academy, minmay_temple_entry_purple_smoke, first_bread,
          kennysheep_slug_shrine
D:5:      eino_small_chamber_without_monster
D:6:      nicolae_ru_great_annihilating_truth, serial_shops, shop,
          minmay_crystal_room, uniq_eustachio
D:7:      grunt_temple_overflow_open
D:8:      minmay_lair_entry_grove, basic_altar, the_bakery,
          kennysheep_opposing_triangles, uniq_grum
D:9:      david_orc_3, serial_shops, shop_statue, fountainhead, st_stairs_1
Temple:   minmay_temple_curvy_loop

Skill      XL: |  1  2  3  4  5  6  7  8  9 10 |
---------------+-------------------------------+-----
Shields        | 4 5 6 7 8 |  8.3
Armour         | 4 5 6 7 8 |  8.6
Fighting       | 4 5 6 7 8 |  8.6
Axes           | 3 4 5 6 7 |  7.4
Invocations    | 1 5 |  5.8
Evocations     | 1 5 |  5.5

Action                   |  1- 3 |  4- 6 |  7- 9 | 10-12 || total
-------------------------+-------+-------+-------+-------++-------
Melee: War axe           |   119 |   223 |       |       ||   342
       Battleaxe         |       |     4 |   268 |   227 ||   499
Invok: Heroism           |       |       |       |     1 ||     1
 Abil: Dig               |     2 |     6 |     3 |     6 ||    17
Evoke: Wand              |       |       |     4 |     1 ||     5
  Use: Potion            |       |       |     5 |     5 ||    10
       Scroll            |       |       |       |    17 ||    17
 Stab: Paralysed         |       |       |     1 |       ||     1
  Eat: Chunk             |       |    10 |     9 |     4 ||    23
       Bread ration      |       |       |       |     2 ||     2
Armor: Scale mail        |    50 |   119 |     3 |       ||   172
       Plate armour      |       |       |   213 |   113 ||   326
       Ring mail         |       |       |     4 |       ||     4
       Chain mail        |       |       |       |    26 ||    26
       Skin              |       |       |       |     8 ||     8
Dodge: Dodged            |    40 |    84 |    86 |    62 ||   272
       Deflected         |       |       |     1 |     1 ||     2
Block: Shield            |    74 |   143 |   196 |   176 ||   589
